 Dungeon Crawl Stone Soup version 0.28-a0-461-g2dc4ca5097 (webtiles) character file.

Game seed: 4702333944831247856

39 bande the Skirmisher (level 3, 0/33 HPs)
             Began as a Hill Orc Fighter on Sept 13, 2021.
             Slain by a kobold (18 damage)
             ... on level 2 of the Dungeon.
             The game lasted 00:02:11 (1557 turns).

bande the Skirmisher (Hill Orc Fighter)             Turns: 1557, Time: 00:02:11

Health: 0/33       AC: 11    Str: 18    XL:     3   Next: 45%
Magic:  3/3        EV:  5    Int:  8    God:
Gold:   43         SH:  4    Dex: 11    Spells: 2/2 levels left

rFire   . . .      SeeInvis .   a - +1 war axe
rCold   . . .      Faith    .   c - +0 buckler
rNeg    . . .      Spirit   .   h - +0 plate armour
rPois   .          Reflect  .   (no helmet)
rElec   .          Harm     .   (no cloak)
rCorr   .          Rampage  .   (no gloves)
Will    .....                   (no boots)
Stlth   ..........              (no amulet)
HPRegen 0.11/turn               (no ring)
MPRegen 0.08/turn               (no ring)

@: no status effects
A: no striking features
a: no special abilities


You were on level 2 of the Dungeon.
You visited 1 branch of the dungeon, and saw 2 of its levels.

You collected 43 gold pieces.

Inventory:

Hand Weapons
 a - a +1 war axe (weapon)
Armour
 c - a +0 buckler (worn)
 h - a +0 plate armour (worn)
Jewellery
 b - a ring of protection from fire
 i - an amulet of faith
Scrolls
 g - a scroll of identify
Potions
 d - a potion of might
 e - a potion of curing
 f - a potion of cancellation


   Skills:
 + Level 3.9 Fighting
 + Level 3.5 Axes
 + Level 3.6 Armour
 + Level 3.8 Shields


You had 2 spell levels left.
You didn't know any spells.
Your spell library contained the following spells:

 Spells                   Type           Power      Damage    Failure   Level
 Ensorcelled Hibernation  Hex/Ice        0%         N/A       100%        2
 Slow                     Hex            0%         N/A       100%        2
 Confusing Touch          Hex            0%         N/A       100%        3
 Tukima's Dance           Hex            0%         N/A       100%        3
 Vampiric Draining        Necr           0%         2d6       100%        3
 Yara's Violent Unravell  Hex/Tmut       0%         3d3       100%        5


Dungeon Overview and Level Annotations

Branches:
Dungeon (2/15)

Altars:


Message History

No target in view!
No target in view!
You feel a little less clever now.
There is a stone staircase leading down here.
A giant cockroach comes into view.
A giant cockroach is nearby!
You hit the giant cockroach.
You kill the giant cockroach!
No target in view!
No target in view!
No target in view!
No target in view!
No target in view!
No target in view!
Found a stone staircase leading down.
A goblin comes into view. It is wielding a +0 dagger.
The goblin shouts!
You barely miss the goblin. The goblin hits you but does no damage.
You closely miss the goblin.
The goblin hits you but does no damage. x2
You slash the goblin!
You kill the goblin!
No target in view!
No target in view!
No target in view!
No target in view!
No target in view!
Things that are here:
a +0 dagger; a goblin corpse You now have 43 gold pieces (gained 7).
There is a stone staircase leading down here.
Found a short sword and 4 atropa-tipped darts.
A kobold comes into view.
It is wielding a +0 short sword of electrocution.
The kobold shouts!
The kobold hits you but does no damage.
You miss the kobold. The kobold hits you but does no damage.
You are electrocuted!
Your plate armour prevents you from hitting the kobold.
The kobold hits you but does no damage.
You are electrocuted!!
Ouch! That really hurt!
You die...

######### ........#
........# #######
........# #.....#
......K.# #.....#
.......@#### #.....#
...(.......###.....#
...)...............#
........###......>.## ##
........# ####.)....###.
######### ###..........
######........#.##
#########......##..##.##.#
#..#......########....#.##


You could see a kobold.

Vanquished Creatures
  An adder (D:2)
  A worm (D:2)
  3 dart slugs
  2 endoplasms
  5 giant cockroaches
  2 goblins
  2 kobolds
  2 bats (D:1)
  2 frilled lizards (D:2)
  A rat (D:1)
21 creatures vanquished.

Notes
Turn   | Place    | Note
-------+----------+-------------------------------------------
     0 | D:1      | bande the Hill Orc Fighter began the quest for the Orb.
     0 | D:1      | Reached XP level 1. HP: 19/19 MP: 1/1
   323 | D:1      | Reached XP level 2. HP: 19/27 MP: 2/2
  1038 | D:2      | Reached XP level 3. HP: 32/33 MP: 3/3
  1557 | D:2      | Slain by a kobold

Illustrated notes

Levels and vault maps discovered:
D:1:      ncdulo_wetmaze, layout_loops_ring, minmay_stone_trees_small,
          chequers_serial_rivers_marsh, minivault_5, amethyst_killhole
D:2:      layout_rooms, shapermc_ecumenical_altar_mp_highgroup,
          minmay_misc_feat_tiny

Skill      XL: |  1  2 |
---------------+-------+-----
Axes           | 3 |  3.5
Fighting       | |  3.9
Armour         | |  3.6
Shields        | |  3.8

Action                   || total
-------------------------++-------
Melee: War axe           ||    67
  Use: Scroll            ||     5
       Potion            ||     3
Armor: Scale mail        ||     8
       Plate armour      ||    32
Dodge: Dodged            ||    17
Block: Buckler           ||    14

Table legend: (Time is in decaauts)
 A = Elapsed time spent in this place.
 B = Non-inter-level travel time spent in this place.
 C = Inter-level travel time spent in this place.
 D = Time resting spent in this place.
 E = Time spent auto-exploring this place.
 F = Levels seen in this place.
 G = Mean time per level.
                   A        B        C        D        E       F      G
               +--------+--------+--------+--------+--------+-----+--------+
         Total |   1590 |   1590 |      0 |    300 |   1042 |   2 |  795.0 |
       Dungeon |   1590 |   1590 |      0 |    300 |   1042 |   2 |  795.0 |
               +--------+--------+--------+--------+--------+-----+--------+

Top non-repeatable levels by time:
     D:1: 888 daAuts
     D:2: 702 daAuts
